Map: Ulrena

Players

JonSnow - Winner!

  • Race: Zerg Zerg
  • League: Grandmaster

MaSa

  • Race: Terran Terran
  • League: Grandmaster

VOD

Have the link to the VOD?

Description

Time

  • Played on: Feb. 13, 2016, 6:44 p.m.
  • Length: 7:04
Show
View Real Time Build Order
Export as new Build Order

JonSnow Zerg - Winner!

Build Orders: Hatch First 

Get SALT Encoding   

  12  0:00  Drone  
  13  0:12  Overlord  
  13  0:17  Drone  
  14  0:30  Drone  
  14  0:32  Drone  
  14  0:35  Drone  
  17  0:55  Hatchery  
  17  0:56  Drone  
  17  1:02  Extractor, Drone  
  17  1:17  Spawning Pool  
  16  1:22  Drone  
  16  1:23  Drone  
  18  1:41  Drone  
  18  1:42  Drone  
  20  1:58  Drone  
  20  1:59  Hatchery  
  20  2:09  Queen  
  22  2:18  Queen  
  24  2:24  Metabolic Boost  
  24  2:26  Drone  
  24  2:28  Drone  
  26  2:30  Drone  
  26  2:34  Zergling x2  
  28  2:39  Overlord  
  28  2:53  Overlord  
  28  2:57  Drone x2  
  28  2:58  Drone x2  
  32  3:00  Queen  
  32  3:02  Drone  
  32  3:04  Drone  
  36  3:13  Drone  
  36  3:14  Drone  
  36  3:16  Queen  
  36  3:18  Drone  
  41  3:21  Drone  
  41  3:22  Extractor  
  41  3:23  Drone  
  42  3:27  Drone x2  
  42  3:30  Drone  
  42  3:32  Drone  
  42  3:33  Drone  
  47  3:36  Drone x2  
  47  3:39  Drone  
  50  3:48  Overlord  
  50  3:49  Extractor, Roach Warren  
  50  3:54  Drone x2  
  50  3:57  Overlord  
  50  4:09  Overlord  
  49  4:10  Overlord  
  49  4:21  Drone  
  49  4:22  Spore Crawler  
  49  4:25  Overlord  
  49  4:29  Roach x8  
  49  4:30  Roach  
  67  4:33  Roach  
  69  4:38  Zergling x6  
  69  4:42  Zergling x4  
  74  4:50  Overlord  
  74  4:52  Spore Crawler  
  73  5:02  Drone x9  
  82  5:10  Roach x2  
  86  5:18  Overlord x2  
  86  5:21  Ravager  
  86  5:22  Ravager x3  
  86  5:28  Zergling x8  
  94  5:29  Ravager  
  94  5:34  Zergling x4  
  97  5:42  Zergling x16  
  105  5:43  Zergling x2  
  103  5:52  Ravager x3  
  103  5:53  Overlord  
  101  6:14  Zergling x2  
  101  6:15  Zergling x28  
  116  6:25  Drone  
  115  6:26  Overlord  
  115  6:27  Queen  
  115  6:31  Ravager x2  
  115  6:32  Ravager  
  120  6:35  Zergling x2  
  120  6:36  Overlord  
Show
View Real Time Build Order
Export as new Build Order

MaSa Terran 

Build Orders:  

Get SALT Encoding   

  12  0:00  SCV  
  13  0:12  SCV  
  14  0:17  Supply Depot  
  14  0:24  SCV  
  15  0:39  SCV, Barracks  
  16  0:51  SCV  
  17  1:03  SCV  
  18  1:16  Command Center  
  18  1:19  SCV  
  19  1:26  Marine  
  20  1:38  Orbital Command  
  20  1:44  Marine  
  20  1:46  Refinery  
  21  1:56  Supply Depot  
  21  1:59  Refinery  
  21  2:01  Marine  
  21  2:07  Bunker  
  22  2:09  SCV  
  23  2:19  Marine  
  23  2:21  SCV  
  25  2:33  SCV  
  25  2:37  Factory  
  26  2:45  SCV  
  26  2:46  Barracks Reactor  
  27  2:51  Orbital Command  
  27  2:57  SCV  
  28  3:09  SCV  
  29  3:17  SCV  
  29  3:19  Widow Mine  
  30  3:21  SCV, Starport  
  30  3:22  Marine x2  
  35  3:29  SCV  
  35  3:30  Supply Depot  
  35  3:33  SCV  
  37  3:40  Marine x2  
  39  3:41  SCV  
  39  3:45  SCV  
  41  3:48  Supply Depot  
  41  3:49  Factory Tech Lab  
  41  3:53  SCV  
  42  3:57  Medivac  
  42  4:02  Command Center  
  44  4:08  SCV  
  47  4:12  Siege Tank  
  47  4:16  SCV  
  49  4:17  Liberator  
  49  4:20  Supply Depot  
  49  4:23  Barracks  
  49  4:24  Barracks Reactor  
  49  4:28  SCV  
  50  4:34  Barracks  
  50  4:37  SCV  
  54  4:43  Refinery  
  54  4:45  Supply Depot  
  54  4:48  SCV  
  55  4:54  Factory Reactor  
  55  4:59  SCV  
  56  5:02  Marine x2  
  56  5:05  SCV, Refinery  
  56  5:06  Engineering Bay  
  56  5:07  Engineering Bay  
  59  5:13  SCV  
  60  5:16  Orbital Command  
  60  5:18  SCV  
  60  5:20  Starport Reactor  
  61  5:22  Marine x2  
  61  5:25  SCV  
  62  5:30  SCV, Marine x3  
  66  5:38  Factory Tech Lab  
  66  5:43  Marine x2  
  66  5:48  SCV  
  69  5:56  SCV  
  70  5:57  Marine x2  
  70  5:58  Marine, Barracks, Orbital Command  
  70  5:59  Barracks  
  70  6:01  Viking  
  73  6:04  Medivac  
  73  6:07  SCV  
  73  6:09  Marine x2  
  72  6:14  SCV  
  72  6:15  Siege Tank  
  72  6:16  Marine  
  72  6:17  Marine  
  78  6:19  SCV  
  78  6:22  Marine  
  78  6:23  Supply Depot  
  77  6:31  Medivac  
  79  6:34  Medivac  
  79  6:39  SCV  
  82  6:45  Marine x4  
  84  6:52  SCV  
Tags
 
Add a new tag
Caveats
  • Supply blocks, unpowered buildings, or Contaminate may cause inaccurate times.
  • Supply counts are checked every 10 seconds.